 Dungeon Crawl Stone Soup version 0.22.1-1-ga44c0e56f4 (webtiles) character file.

270 Ihlosi the Skirmisher (level 6, 0/71 HPs)
             Began as an Ogre Fighter on Nov 1, 2018.
             Slain by an iguana (11 damage)
             ... on level 4 of the Dungeon.
             The game lasted 00:08:09 (4230 turns).

Ihlosi the Skirmisher (Ogre Fighter)                Turns: 4230, Time: 00:08:10

Health: 0/71       AC:  3    Str: 21    XL:     6   Next: 22%
Magic:  6/6        EV:  8    Int:  9    God:
Gold:   210        SH:  8    Dex: 10    Spells: 5/5 levels left

rFire    . . .     SeeInvis .   m - +1 spear (pierce)
rCold    . . .     Gourm    .   c - +0 shield
rNeg     . . .     Faith    .   b - +0 robe
rPois    .         Spirit   .   (helmet restricted)
rElec    .         Reflect  .   (no cloak)
rCorr    .         Harm     .   (gloves unavailable)
MR       .....                  (boots unavailable)
Stlth    +.........             (no amulet)
HPRegen  0.21/turn              (no ring)
MPRegen  0.10/turn              (no ring)

@: no status effects
A: large, unfitting armour, tough skin 1
a: no special abilities


You were on level 4 of the Dungeon.
You were hungry.

You visited 1 branch of the dungeon, and saw 4 of its levels.

You collected 210 gold pieces.

Inventory:

Hand Weapons
 a - a +0 flail
 m - a +1 spear of piercing (weapon)
 s - a +1 short sword of speed
 w - a +0 dagger of freezing
Missiles
 j - 4 tomahawks of returning
 v - 3 large rocks (quivered)
Armour
 b - a +0 robe (worn)
 c - a +0 shield (worn)
Scrolls
 g - 2 scrolls of teleportation {unknown}
 h - 5 scrolls of remove curse {unknown}
 k - 6 scrolls of identify {unknown}
 l - a scroll of magic mapping {unknown}
 p - a scroll of enchant armour {unknown}
 r - a scroll of random uselessness {unknown}
 t - a scroll of fear {unknown}
 u - a scroll of fog {unknown}
Potions
 d - a potion of might
 e - 3 potions of curing
 i - 2 potions of degeneration {unknown}
 n - a potion of flight {unknown}
 o - a potion of ambrosia {unknown}
 q - a potion of cancellation {unknown}
Comestibles
 f - 3 rations


   Skills:
 * Level 7.1 Fighting
 + Level 3.6 Maces & Flails
 - Level 3.0 Dodging
 - Level 3.0 Shields


You had 5 spell levels left.
You didn't know any spells.
Your spell library was empty.

Dungeon Overview and Level Annotations

Branches:
Dungeon (4/15)
 Temple: D:4-7

Altars:
Nemelex Xobeh
Xom

Annotations:
D:4 Edmund


Innate Abilities, Weirdness & Mutations

You are too large for most types of armour.
You have tough skin. (AC +1)


Message History

The iguana closely misses you.
You barely miss the iguana.
The iguana is heavily wounded.
The iguana hisses menacingly.
The iguana barely misses you.
You barely miss the iguana.
The iguana is heavily wounded.
The iguana barely misses you.
You hit the iguana.
The iguana is heavily wounded.
The iguana bites you. You block the iguana's attack.
You barely miss the iguana.
The iguana is heavily wounded.
The iguana hisses menacingly.
The iguana bites you!
* * * LOW HITPOINT WARNING * * *
Your shield prevents you from hitting the iguana.
The iguana is heavily wounded.
The iguana bites you!
You die...

...
.................#.# #.
...
...##>...........#.# #.
# ..
.................#.####
.
.#.#.##.###......#.....
# #. #.# ##...########
#.##.#####... .....
#........l... ..[.
###.#....... ##.
#@#.....#. #...l#.....#
#..........#
#..........#
#..........# ###.....#
#...... ......#.


You could see an iguana.

Vanquished Creatures
  A scorpion (D:4)
  A bullfrog skeleton (D:4)
  2 orc wizards
  7 adders
  A worm (D:3)
  2 dart slugs
  3 leopard geckos
  7 orcs
  A ball python (D:4)
  5 bats
  2 giant cockroaches
  8 goblins
  4 hobgoblins
  10 kobolds
  2 quokkas
  6 frilled lizards
  11 rats
73 creatures vanquished.

Vanquished Creatures (others)
  4 toadstools (D:1)
4 creatures vanquished.

Grand Total: 77 creatures vanquished

Notes
Turn   | Place    | Note
-------+----------+-------------------------------------------
     0 | D:1      | Ihlosi the Ogre Fighter began the quest for the Orb.
     0 | D:1      | Reached XP level 1. HP: 24/24 MP: 1/1
   295 | D:1      | Reached XP level 2. HP: 18/33 MP: 2/2
   805 | D:1      | Reached XP level 3. HP: 33/40 MP: 3/3
  1050 | D:2      | Found a shimmering altar of Xom.
  1057 | D:2      | Reached skill level 5 in Fighting
  1315 | D:2      | Reached XP level 4. HP: 49/50 MP: 4/4
  2793 | D:3      | Reached XP level 5. HP: 59/59 MP: 5/5
  2802 | D:3      | Reached skill level 6 in Fighting
  3559 | D:4      | Noticed Edmund
  3875 | D:4      | Reached XP level 6. HP: 61/68 MP: 6/6
  3968 | D:4      | Reached skill level 7 in Fighting
  4199 | D:4      | Found a sparkling altar of Nemelex Xobeh.
  4230 | D:4      | Slain by an iguana

Skill      XL: |  1  2  3  4  5  6 |
---------------+-------------------+-----
Dodging        | 3 |  3.0
Maces & Flails | 2 3 |  3.6
Shields        | 3 |  3.0
Fighting       | 5 6 7 |  7.1

Action                   |  1- 3 |  4- 6 || total
-------------------------+-------+-------++-------
Melee: Flail             |    99 |       ||    99
       Spear             |    36 |   167 ||   203
Throw: Large rock        |       |     6 ||     6
  Use: Potion            |       |     1 ||     1
  Eat: Chunk             |     1 |     6 ||     7
       Ration            |       |     1 ||     1
Armor: Robe              |    34 |    39 ||    73
Dodge: Dodged            |    46 |    61 ||   107
Block: Shield            |    63 |    64 ||   127
